 Dungeon Crawl Stone Soup version 0.17-a0-2109-g117576f (webtiles) character file.

315 TruthSerum the Skirmisher (level 6, -11/58 HPs)
             Began as a Hill Orc Fighter on Oct 20, 2015.
             Mangled by an ogre
             ... wielding a +0 giant spiked club
              (13 damage)
             ... on level 3 of the Dungeon.
             The game lasted 00:08:12 (2717 turns).

TruthSerum the Skirmisher (Hill Orc Fighter)        Turns: 2717, Time: 00:08:12

Health: -11/58     AC: 19    Str: 24    XL:     6   Next: 43%
Magic:  6/6        EV:  5    Int:  8    God:
Gold:   135        SH:  9    Dex: 12    Spells: 0 memorised, 5 levels left

rFire  + . .     SeeInvis .     o - +0 mace (protect)
rCold  x . .     Clarity  .     u - +4 chain mail
rNeg   . . .     SustAt   .     c - +0 shield
rPois  .         Gourm    .     h - +0 helmet
rElec  .         Spirit   .     (no cloak)
rCorr  .         Warding  .     (no gloves)
rMut   .         Stasis   .     (no boots)
MR     +....                    (no amulet)
Stlth  ..........               b - ring of fire
                                k - ring of protection from magic

@: mighty, somewhat resistant to hostile enchantments, extremely unstealthy
A: no striking features
a: no special abilities


You were on level 3 of the Dungeon.
You were not hungry.

You visited 1 branch of the dungeon, and saw 3 of its levels.

You collected 135 gold pieces.

Inventory:

Hand Weapons
 a - a +0 flail
 o - a +0 mace of protection (weapon)
Armour
 c - a +0 shield (worn)
 h - a +0 helmet (worn)
 u - a +4 chain mail (worn)
Jewellery
 b - a ring of fire (right hand)
 k - a ring of protection from magic (left hand)
Scrolls
 g - 2 scrolls of remove curse {unknown}
 i - 5 scrolls of identify {unknown}
 j - a scroll of magic mapping {unknown}
 m - a scroll of recharging {unknown}
 n - a scroll of noise {unknown}
 p - a scroll of blinking {unknown}
 t - a scroll of enchant armour {unknown}
Potions
 d - a potion of might
 e - a potion of berserk rage {unknown}
 q - a potion of agility
 r - a potion of invisibility {unknown}
 s - a potion of magic {unknown}
 v - a potion of heal wounds {unknown}
 x - a potion of poison {unknown}
Comestibles
 f - a slice of pizza
 l - 5 chunks of flesh
 w - a beef jerky


   Skills:
 + Level 6.6 Fighting
 + Level 5.2 Maces & Flails
 - Level 3.2 Armour
 - Level 3.2 Shields


You had 5 spell levels left.
You didn't know any spells.

Dungeon Overview and Level Annotations

Branches:
Dungeon (3/15)

Altars:
Nemelex Xobeh


Message History

The kobold is almost dead.
The kobold barely misses you.
You sock the kobold!
You kill the kobold!
You hit the ogre.
The ogre is lightly wounded.
The ogre hits you with a giant spiked club.
* * * LOW HITPOINT WARNING * * *
You hit the ogre but do no damage.
The ogre is lightly wounded.
The ogre barely misses you.
Your shield and chain mail prevent you from hitting the ogre.
The ogre is lightly wounded.
The ogre hits you with a giant spiked club!
* * * LOW HITPOINT WARNING * * *
You feel very mighty all of a sudden.
You completely miss the ogre.
The ogre is lightly wounded.
The ogre hits you with a giant spiked club!
You die...

#..####.......#...........
...# #.###...#...........
... #.###...#.........##
#...##....#...#####
#.........### #.........##
#..........# #..(:...#....
##..####@......#.....
.......O!.<....#.....
.......#.......# ....
......[........#
###...#.###..### ##....
##.# ..#.. ... .##### ...
..


You could see an ogre.

Vanquished Creatures
  The ghost of ActionAutist the Conjurer, an amateur NaCj (D:3)
  Ijyb (D:2)
  An orc wizard (D:3)
  Terence (D:2)
  5 adders
  3 giant geckos
  3 giant cockroaches
  3 hobgoblins
  6 jackals (D:2)
  A quokka (D:3)
  A ball python (D:1)
  2 bats (D:1)
  3 giant newts
  11 goblins
  9 kobolds
  5 rats
56 creatures vanquished.

Vanquished Creatures (others)
  An orc (D:3)
1 creature vanquished.

Grand Total: 57 creatures vanquished

Notes
Turn   | Place    | Note
--------------------------------------------------------------
     0 | D:1      | TruthSerum the Hill Orc Fighter began the quest for the Orb.
     0 | D:1      | Reached XP level 1. HP: 19/19 MP: 1/1
   140 | D:1      | Reached skill level 4 in Fighting
   140 | D:1      | Reached XP level 2. HP: 27/27 MP: 2/2
   839 | D:2      | Reached XP level 3. HP: 31/33 MP: 3/3
  1058 | D:2      | Found a sparkling altar of Nemelex Xobeh.
  1119 | D:2      | Noticed Ijyb
  1141 | D:2      | Killed Ijyb
  1141 | D:2      | Reached XP level 4. HP: 39/41 MP: 4/4
  1215 | D:2      | Reached skill level 5 in Fighting
  1263 | D:2      | Noticed Terence
  1320 | D:2      | Killed Terence
  1519 | D:2      | Reached XP level 5. HP: 48/48 MP: 5/5
  1718 | D:3      | Noticed ActionAutist's ghost (amateur NaCj)
  2679 | D:3      | Killed ActionAutist's ghost
  2679 | D:3      | Reached skill level 6 in Fighting
  2679 | D:3      | Reached skill level 5 in Maces & Flails
  2679 | D:3      | Reached XP level 6. HP: 35/58 MP: 6/6
  2698 | D:3      | Noticed an ogre
  2715 | D:3      | HP: 2/58 [ogre/giant spiked club (14)]
  2717 | D:3      | Mangled by an ogre

Vault maps used:
D:1:      lightli_arrival_flooded_house
D:2:      minmay_statues_item, nemelex_spade_bored_becter, uniq_terence,
          uniq_iyjb
D:3:      good_gods_mini_temple, lemuel_round_altar

Action                   |  1- 3 |  4- 6 || total
-------------------------+-------+-------++-------
Melee: Flail             |   150 |    65 ||   215
       Mace              |       |   161 ||   161
  Use: Potion            |       |     1 ||     1
  Eat: Meat ration       |       |     1 ||     1
       Bread ration      |       |     1 ||     1
